 Dungeon Crawl Stone Soup version 0.21-a0-404-g291f19a (webtiles) character file.

17470 tof the Cleaver (level 12, -6/110 HPs)
             Began as a Minotaur Berserker on Oct 28, 2017.
             Was a High Priest of Trog.
             Mangled by a centaur warrior (9 damage)
             ... on level 12 of the Dungeon.
             The game lasted 00:24:43 (11732 turns).

tof the Cleaver (Minotaur Berserker)               Turns: 11732, Time: 00:24:44

Health: -6/110     AC: 21    Str: 26    XL:     12   Next: 19%
Magic:  3/3        EV: 12    Int:  4    God:    Trog [*****.]
Gold:   736        SH:  0    Dex: 13    Spells: 11/11 levels left

rFire    . . .     SeeInvis .   R - +5 battleaxe (antimagic)
rCold    + + .     Gourm    .   (shield currently unavailable)
rNeg     . . .     Faith    .   i - +1 plate armour
rPois    .         Spirit   .   (helmet restricted)
rElec    .         Reflect  .   O - scarf {repulsion}
rCorr    +         Harm     .   q - +0 pair of gloves
MR       ++...     Rnd*Rage +   b - +0 pair of boots
Stlth    ..........             (no amulet)
HPRegen  1.28/turn              h - ring of protection from cold
MPRegen  0.08/turn              L - ring of resist corrosion

@: berserk cooldown, regenerating, slowed, repel missiles, very slow
A: retaliatory headbutt, hooves 1, horns 2, molten scales 1, thin skeletal
structure 1, berserk 1, cold resistance 1, evolution 2
a: Berserk, Trog's Hand, Brothers in Arms, Burn Spellbooks, Renounce Religion


You were on level 12 of the Dungeon.
You worshipped Trog.
Trog was extremely pleased with you.
You were not hungry.

You visited 1 branch of the dungeon, and saw 12 of its levels.
You also visited: Sewer.

You collected 826 gold pieces.
You spent 90 gold pieces at shops.

Inventory:

Hand Weapons
 t - a +3 hand axe of chopping
 R - a +5 antimagic battleaxe (weapon)
Missiles
 d - 33 poisoned needles
 x - 20 tomahawks (quivered)
 P - 2 needles of confusion
 Q - 5 poisoned tomahawks
Armour
 b - a +0 pair of boots (worn)
 i - a +1 plate armour (worn)
 q - a +0 pair of gloves (worn)
 O - a scarf of repulsion (worn)
Jewellery
 h - a ring of protection from cold (left hand)
 L - a ring of resist corrosion (right hand)
Wands
 B - a wand of random effects (22/48)
 E - a wand of confusion (27/48)
 J - a wand of random effects (31/48)
Scrolls
 f - 2 scrolls of identify
 j - 4 scrolls of remove curse
 k - 5 scrolls of fear
 n - 3 scrolls of enchant armour
 o - a scroll of enchant weapon {unknown}
 v - 4 scrolls of immolation {unknown}
 w - 5 scrolls of teleportation {unknown}
 y - 3 scrolls of recharging
 G - 2 scrolls of fog {unknown}
 K - a scroll of vulnerability {unknown}
Potions
 a - 2 potions of flight {unknown}
 e - 8 potions of curing
 g - 3 potions of ambrosia {unknown}
 m - a potion of invisibility {unknown}
 r - 2 potions of heal wounds {unknown}
 s - a potion of agility {unknown}
 u - 3 potions of lignification {unknown}
 z - 2 potions of haste {unknown}
 C - a potion of mutation {unknown}
 D - a potion of magic {unknown}
 H - a potion of brilliance {unknown}
 I - a potion of might {unknown}
 M - a potion of cancellation {unknown}
Books
 A - a book of Battle

   Spells                             Type                      Level
   a - Infusion                       Charms                       1
   b - Shroud of Golubria             Charms/Translocation         2
   c - Song of Slaying                Charms                       2
   d - Spectral Weapon                Hexes/Charms                 3
   e - Regeneration                   Charms/Necromancy            3
   Trog disapproves of the use of such an item.
Comestibles
 c - 8 bread rations
 l - 4 royal jellies
 p - 3 meat rations
 F - a chunk of flesh


   Skills:
 + Level 11.2 Fighting
 * Level 14.9 Axes
 + Level 11.0 Armour
 + Level 10.1 Dodging


You had 11 spell levels left.
You didn't know any spells.

Dungeon Overview and Level Annotations

Branches:
Dungeon (12/15)            Temple (0/1) D:6            Lair (0/6) D:10
    Orc (0/2) D:9

Altars:
Okawaru
Qazlal
Sif Muna
Uskayaw
Vehumet
Yredelemnul
Zin


Innate Abilities, Weirdness & Mutations

You reflexively headbutt those who attack you in melee.
You have a pair of horns on your head.
You have large cloven feet.
You are partially covered in molten scales. (AC +2)
You have a somewhat thin skeletal structure. (Dex +2, Stealth)
You tend to lose your temper in combat.
Your flesh is cold resistant. (rC+)
You rapidly evolve.


Message History

As you read the scroll labeled MUCZESTUNWE, it crumbles to dust.
It is a scroll of enchant armour.
Your +0 plate armour glows green for a moment.
The centaur warrior hits you but does no damage. x2
The centaur warrior closely misses you. The centaur warrior hits you.
* * * LOW HITPOINT WARNING * * *
The centaur warrior barely misses you. You furiously retaliate!
You headbutt the centaur warrior! The centaur warrior misses you.
The orc warrior hits you but does no damage.
The orc warrior hits you with a hand axe.
* * * LOW HITPOINT WARNING * * *
The centaur warrior closely misses you. You furiously retaliate!
You headbutt the centaur warrior, but do no damage.
The orc warrior hits you but does no damage.
The orc warrior hits you from afar with a glaive.
* * * LOW HITPOINT WARNING * * *
The centaur warrior hits you.
* * * LOW HITPOINT WARNING * * *
The centaur warrior hits you!
You die...

#...........................#
#.###........###'###........#
#.....#.#######)).#######.#.#
..#.....# #...# #...#
.......## ##'## ##..#
..#....# #+###8(8###+# #..#
[......# #.....(..(..# #..#
..#....# #.##.co(.##.# #..#
.......# ##c@c## #..#
.......#


#coo# #..# .......# .ooo... #..# .......# ........... #..# .......#
#...........# #..# .......# #..##...##..# #..# .......# .'.# #...# #.+ #..#
.......# [#. ..... .# #..# .......# #..# You could see 4 centaur warriors and 6
orc warriors.

Vanquished Creatures
  4 two-headed ogres
  The ghost of Barriton the Carver, a novice DrMo of Dithmenos (D:6)
  2 manticores
  An oklob plant (D:10)
  An ugly thing (D:11)
  A deep elf mage (D:12)
  2 gargoyles (D:12)
  A kobold demonologist (D:12)
  2 trolls
  2 hornets
  A hippogriff (D:9)
  The ghost of Mitsuki the Firebug, an amateur DEFE (D:5)
  A spriggan (D:9)
  17 yaks
  A shadow (D:11)
  The ghost of tof the Chopper, an amateur MiBe of Trog (D:4)
  Eustachio (D:6)
  3 hungry ghosts
  A steam dragon (D:9)
  3 vampire mosquitoes (D:12)
  Edmund (D:4)
  Purgy (Sewer)
  3 black bears
  9 orc warriors
  2 ice beasts
  Duvessa (D:4)
  3 phantoms
  3 sky beasts
  8 ogres
  4 centaurs
  2 crocodiles
  A big kobold (D:12)
  Blork the orc (D:6)
  6 bullfrogs
  Dowan (D:4)
  3 scorpions
  15 killer bees
  5 wights (D:11)
  2 howler monkeys
  4 crimson imps
  2 quasits
  2 centaur zombies
  6 bullfrog skeletons
  5 hounds
  4 jellies
  5 orc priests
  Crazy Yiuf (D:4)
  2 centaur skeletons
  4 iguanas
  7 orc wizards
  9 worker ants
  3 hound skeletons
  A worker ant zombie (D:12)
  Robin (D:3)
  10 adders
  A howler monkey skeleton (D:11)
  A shadow imp (D:8)
  An ooze (D:3)
  An adder skeleton (D:8)
  3 worms
  3 dart slugs
  10 leopard geckos
  39 orcs
  10 giant cockroaches
  13 goblins
  18 hobgoblins
  3 jackals (D:1)
  13 kobolds
  8 quokkas
  A ball python (D:3)
  12 bats
  5 frilled lizards
  A leopard gecko skeleton (D:8)
  A quokka zombie (D:8)
  A rat (D:1)
329 creatures vanquished.

Notes
Turn   | Place    | Note
-------+----------+-------------------------------------------
     0 | D:1      | tof the Minotaur Berserker began the quest for the Orb.
     0 | D:1      | Reached XP level 1. HP: 19/19 MP: 0/0
   251 | D:1      | Reached XP level 2. HP: 27/27 MP: 1/1
   277 | D:1      | Reached skill level 4 in Axes
   644 | D:2      | Reached XP level 3. HP: 33/33 MP: 2/2
   658 | D:2      | Reached ** piety under Trog
   903 | D:2      | Reached XP level 4. HP: 40/40 MP: 3/3
   948 | D:2      | Found a radiant altar of Vehumet.
   948 | D:2      | Found a deep blue altar of Sif Muna.
  1312 | D:3      | Found a hide-covered altar of Uskayaw.
  1418 | D:3      | Noticed Robin
  1430 | D:3      | Reached skill level 5 in Axes
  1438 | D:3      | Killed Robin
  1469 | D:3      | Reached XP level 5. HP: 44/47 MP: 4/4
  1523 | D:3      | Reached *** piety under Trog
  1659 | D:3      | Found a basalt altar of Yredelemnul.
  1935 | D:4      | Noticed tof's ghost (amateur MiBe)
  2406 | D:4      | Noticed Duvessa
  2407 | D:4      | Noticed Edmund
  2408 | D:4      | Noticed an ogre
  2425 | D:4      | Killed Duvessa
  2425 | D:4      | Reached skill level 5 in Fighting
  2425 | D:4      | Reached skill level 6 in Axes
  2425 | D:4      | Reached XP level 6. HP: 56/56 MP: 5/5
  2432 | D:4      | Killed Edmund
  2433 | D:4      | Reached XP level 7. HP: 61/61 MP: 6/6
  2437 | D:4      | Noticed Dowan
  2445 | D:4      | Killed Dowan
  2574 | D:4      | Reached skill level 7 in Axes
  2580 | D:4      | Killed tof's ghost
  2580 | D:4      | Reached skill level 5 in Armour
  2716 | D:4      | Found a runed door.
  2720 | D:4      | Noticed Crazy Yiuf
  2723 | D:4      | Paralysed by Crazy Yiuf for 4 turns
  2731 | D:4      | Killed Crazy Yiuf
  3055 | D:5      | Entered Level 5 of the Dungeon
  3269 | D:5      | Reached XP level 8. HP: 70/70 MP: 7/7
  3428 | D:5      | Reached skill level 8 in Axes
  3428 | D:5      | Reached skill level 5 in Dodging
  4243 | D:5      | Noticed Mitsuki's ghost (amateur DEFE)
  4246 | D:5      | Killed Mitsuki's ghost
  4333 | D:6      | Found a glowing drain.
  4333 | D:6      | Noticed Barriton's ghost (novice DrMo)
  4336 | D:6      | Reached **** piety under Trog
  4347 | D:6      | Killed Barriton's ghost
  4347 | D:6      | Reached skill level 9 in Axes
  4358 | D:6      | Reached XP level 9. HP: 52/79 MP: 8/8
  4399 | Sewer    | Entered a sewer
  4488 | Sewer    | Noticed Purgy
  4501 | Sewer    | Killed Purgy
  4620 | D:6      | Found a staircase to the Ecumenical Temple.
  4826 | D:6      | Reached skill level 10 in Axes
  5269 | D:6      | Got an encrusted chain mail
  5280 | D:6      | Identified the +1 chain mail of Kaex {rElec rN+ Int-5} (You found it on level 6 of the Dungeon)
  5280 | D:6      | Lost intelligence.
  5329 | D:6      | Noticed Blork the orc
  5337 | D:6      | Killed Blork the orc
  5537 | D:6      | Found an iron altar of Okawaru.
  5538 | D:6      | Noticed Eustachio
  5552 | D:6      | Killed Eustachio
  6060 | D:7      | Found Zin's Purification Station.
  6064 | D:7      | Found a glowing silver altar of Zin.
  6069 | D:7      | Bought a potion of curing for 90 gold pieces
  6694 | D:8      | Reached skill level 11 in Axes
  6769 | D:8      | Reached ***** piety under Trog
  7063 | D:8      | Reached XP level 10. HP: 89/90 MP: 9/9
  7322 | D:8      | Noticed a two-headed ogre
  7332 | D:8      | Killed a two-headed ogre
  7444 | D:8      | Got a crude flail
  7446 | D:8      | Identified the cursed +1 flail "Mepnezo" {vamp, MR+} (You found it on level 8 of the Dungeon)
  7499 | D:9      | Reached skill level 12 in Axes
  7739 | D:9      | Received a gift from Trog
  7777 | D:9      | Found a staircase to the Orcish Mines.
  8008 | D:9      | Gained mutation: You are partially covered in large bone plates. (SH +4) [mutagenic meat]
  8009 | D:9      | Gained mutation: You tend to lose your temper in combat. [mutagenic meat]
  8010 | D:9      | Gained mutation: You have a somewhat thin skeletal structure. (Dex +2, Stealth) [mutagenic meat]
  8011 | D:9      | Gained mutation: You evolve. [mutagenic meat]
  8047 | D:9      | Noticed a two-headed ogre
  8054 | D:9      | Killed a two-headed ogre
  8447 | D:9      | Gained mutation: You have large cloven feet. [evolution]
  8588 | D:10     | Entered Level 10 of the Dungeon
  8764 | D:10     | Reached XP level 11. HP: 99/99 MP: 10/10
  8766 | D:10     | Reached skill level 13 in Axes
  8964 | D:10     | Noticed an oklob plant
  8968 | D:10     | Found a staircase to the Lair.
  8993 | D:10     | Killed an oklob plant
  8993 | D:10     | Reached skill level 10 in Fighting
  9185 | D:10     | Noticed a two-headed ogre
  9193 | D:10     | Killed a two-headed ogre
  9316 | D:10     | Found a stormy altar of Qazlal.
  9584 | D:11     | Noticed a two-headed ogre
  9594 | D:11     | Reached skill level 10 in Armour
  9604 | D:11     | Killed a two-headed ogre
  9756 | D:11     | Reached skill level 14 in Axes
 10211 | D:11     | Noticed a white ugly thing
 10229 | D:11     | Killed a white ugly thing
 10233 | D:11     | Gained mutation: Scrolls take you a little longer to read. [mutagenic meat]
 10234 | D:11     | Gained mutation: You are clumsy. (Dex -2) [mutagenic meat]
 10324 | D:11     | Gained mutation: Your flesh is cold resistant. (rC+) [mutagenic meat]
 10325 | D:11     | Lost mutation: You are clumsy. (Dex -2) [mutagenic meat]
 10326 | D:11     | Gained mutation: You rapidly evolve. [mutagenic meat]
 10327 | D:11     | Lost mutation: Scrolls take you a little longer to read. [mutagenic meat]
 10328 | D:11     | Lost mutation: You are partially covered in large bone plates. (SH +4) [mutagenic meat]
 10887 | D:12     | Gained mutation: You are partially covered in molten scales. (AC +2) [evolution]
 10913 | D:12     | Noticed a deep elf mage
 10920 | D:12     | Killed a deep elf mage
 11080 | D:12     | Reached XP level 12. HP: 110/110 MP: 11/11
 11270 | D:12     | Reached skill level 10 in Dodging
 11427 | D:12     | Received a gift from Trog
 11724 | D:12     | Noticed a centaur warrior
 11724 | D:12     | Noticed a centaur warrior
 11725 | D:12     | Noticed a centaur warrior
 11726 | D:12     | Noticed a centaur warrior
 11732 | D:12     | HP: 3/110 [centaur warrior (3)]
 11732 | D:12     | Mangled by a centaur warrior

Vault maps used:
D:1:      dpeg_arrival_tiny_a
D:2:      gammafunk_temple_overflow_elements
D:3:      nicolae_overflow_crystal_walls, old_standard_altar, first_bread,
          uniq_robin
D:4:      uniq_duvessa, uniq_edmund, uniq_crazy_yiuf_cottage
D:6:      lemuel_round_altar, minmay_temple_entry_from_below_a,
          gup_sewer_entry_pipe, uniq_eustachio, uniq_blork_the_orc
D:7:      zin_purify
D:9:      orc_0_dummy, the_bakery
D:10:     dpeg_oklobed_lair, nicolae_qazlal_eye_of_the_storm
D:11:     minmay_misc_feat_tower
D:12:     evilmike_iron_armoury
Sewer:    sewer_big_baddie

Skill      XL: |  1  2  3  4  5  6  7  8  9 10 11 12 |
---------------+-------------------------------------+-----
Axes           | 4 5 6 7 9 11 12 14 | 14.9
Fighting       | 4 5 6 7 8 9 11 | 11.2
Armour         | 3 4 5 6 8 9 10 11 | 11.0
Dodging        | 3 4 6 7 8 9 10 | 10.1

Action                   |  1- 3 |  4- 6 |  7- 9 | 10-12 || total
-------------------------+-------+-------+-------+-------++-------
Melee: Hand axe          |    69 |   141 |   277 |   380 ||   867
       Headbutt          |    11 |    30 |    55 |   111 ||   207
       Flail             |       |       |       |    55 ||    55
       Battleaxe         |       |       |       |    15 ||    15
Throw: Tomahawk          |       |       |    12 |    14 ||    26
Invok: Berserk           |       |     1 |     3 |     3 ||     7
       Trog's Hand       |       |       |       |     2 ||     2
  Use: Scroll            |       |       |     4 |     3 ||     7
  Eat: Chunk             |       |     5 |    20 |    33 ||    58
       Meat ration       |       |       |       |     1 ||     1
Armor: Animal skin       |     3 |       |       |       ||     3
       Scale mail        |    17 |       |       |       ||    17
       Plate armour      |    25 |    84 |   159 |   243 ||   511
Dodge: Dodged            |    54 |    53 |   104 |   225 ||   436
       Deflected         |       |       |       |    11 ||    11
Block: Other             |       |       |       |    25 ||    25

Table legend:
 A = Spawn XP
 B = Non-spawn XP
 C = Spawn XP percentage of total XP
 D = Spawn monster count
 E = Non-spawn monster count
 F = Spawn count percentage of total count
 G = Total turns spent on level
                    A         B        C        D         E        F      G
               +---------+---------+-------+---------+---------+-------+---------
         Total |       0 |   24958 |   0.0 |       0 |     329 |   0.0 | 11732
               +---------+---------+-------+---------+---------+-------+---------
           D:1 |       0 |      39 |   0.0 |       0 |      23 |   0.0 |   639
           D:2 |       0 |      71 |   0.0 |       0 |      22 |   0.0 |   579
           D:3 |       0 |     106 |   0.0 |       0 |      31 |   0.0 |   903
           D:4 |       0 |     948 |   0.0 |       0 |      13 |   0.0 |   934
           D:5 |       0 |     894 |   0.0 |       0 |      22 |   0.0 |  1246
           D:6 |       0 |    1929 |   0.0 |       0 |      35 |   0.0 |  1239
           D:7 |       0 |     187 |   0.0 |       0 |       5 |   0.0 |   781
           D:8 |       0 |    2667 |   0.0 |       0 |      32 |   0.0 |   984
           D:9 |       0 |    3740 |   0.0 |       0 |      42 |   0.0 |  1107
          D:10 |       0 |    3085 |   0.0 |       0 |      13 |   0.0 |   996
          D:11 |       0 |    6188 |   0.0 |       0 |      43 |   0.0 |   979
          D:12 |       0 |    4954 |   0.0 |       0 |      42 |   0.0 |  1169
         Sewer |       0 |     150 |   0.0 |       0 |       6 |   0.0 |   176
               +---------+---------+-------+---------+---------+-------+---------
